 Dungeon Crawl Stone Soup version 0.30-a0-311-gf115ab0292 (webtiles) character file.

Game seed: 3676599687855697234

4 blackman the Sneak (level 1, 0/18 HPs)
             Began as a Human Delver on Oct 25, 2022.
             Was an Initiate of Ru.
             Slain by a phantom (2 damage)
             ... on level 6 of the Dungeon.
             The game lasted 00:02:46 (5305 turns).

blackman the Sneak (Human Delver)                   Turns: 5305, Time: 00:02:46

Health: 0/18       AC:  3    Str: 12    XL:     1   Next: 66%
Magic:  1/1        EV: 12    Int: 10    God:    Ru [......]
Gold:   34         SH:  0    Dex: 14    Spells: 0/0 levels left

rFire   . . .      SeeInvis .    a - +0 falchion
rCold   . . .      Faith    .    (no shield)
rNeg    . . .      Spirit   .    b - +0 leather armour
rPois   .          Reflect  .    (no helmet)
rElec   .          Harm     .    (no cloak)
rCorr   .          Rampage  .    (no gloves)
Will    .....                    (no boots)
Stlth   +++.......               (no amulet)
HPRegen 0.23/turn                (no ring)
MPRegen 0.07/turn                (no ring)

@: attractive
A: no striking features
a: Renounce Religion


You were on level 6 of the Dungeon.
You worshipped Ru.
Ru was noncommittal.
You visited 2 branches of the dungeon, and saw 3 of its levels.

You collected 34 gold pieces.

Inventory:

Hand Weapons
 a - a +0 falchion (weapon)
Missiles
 m - 5 boomerangs (quivered)
Armour
 b - a +0 leather armour (worn)
 l - a +0 pair of gloves
Magical Staves
 k - a staff of earth
Scrolls
 c - a scroll of fog
 d - 2 scrolls of magic mapping


   Skills:
 - Level 3.0 Fighting
 - Level 2.4 Long Blades
 - Level 2.0 Dodging
 - Level 5.0 Stealth
 * Level 0.0 Spellcasting


You couldn't memorise any spells.
You didn't know any spells.
Your spell library was empty.

Dungeon Overview and Level Annotations

Branches:
Dungeon (6/15)             Temple (1/1) D:6 Zot: 998

Altars:
Cheibriados
Elyvilon
Gozag
Hepliaklqana
Okawaru
Qazlal
Ru
Trog
Vehumet
Xom
Yredelemnul
Zin
The Shining One


Message History

Aiming: Dig
Press: ? - help, Shift-Dir - straight line A translucent rock wall.
The rock shatters into small pieces.
The now-empty wand crumbles to dust.
You open the door.
Found a chain mail.
A white imp comes into view.
There is an open door here.
The phantom attacks as you move away!
The phantom hits you but does no damage.
The white imp shouts!
You hear a distant slurping noise.
It was a potion of attraction.
You feel attractive to monsters. The phantom hits you.
The white imp is attracted toward you.
It was a potion of curing.
You feel better. The phantom hits you.
The phantom blinks!
You blink.
The white imp is attracted toward you. The jelly is attracted toward you.
The jelly attacks as you move away! The jelly hits you but does no damage.
The phantom attacks as you move away! The phantom hits you.
The phantom attacks as you move away! The phantom misses you.
The jelly jiggles.
The phantom attacks as you move away!
The phantom hits you but does no damage.
The jelly attacks as you move away! The jelly hits you.
You are splashed with acid!
* * * LOW HITPOINT WARNING * * *
The phantom is attracted toward you. The white imp is attracted toward you.
The phantom attacks as you move away!
The phantom hits you but does no damage.
The jelly attacks as you move away! The jelly hits you but does no damage.
The white imp is attracted toward you. The phantom attacks as you move away!
The phantom misses you. The jelly is attracted toward you.
The white imp is attracted toward you. The white imp is attracted toward you.
Okay, then.
The phantom attacks as you move away! The phantom hits you.
* * * LOW HITPOINT WARNING * * *
The phantom attacks as you move away! The phantom hits you.
You die...

#........###.##
#....#.#.
####''####...#
#....#...
#.........#
#....###'
#.........#
#........
#.........#
#........
#.........#
###........
###########
#..§.......
##########.#...[....
#..@WJ5.§...........
#.########..#.......
# #..#.#.####
#..#.#.# ...#.#.#
###.#.#.# .# ##


You could see a phantom, a jelly and a white imp.

Vanquished Creatures
  2 orcs (D:6)
2 creatures vanquished.

Notes
Turn   | Place    | Note
-------+----------+-------------------------------------------
     0 | D:5      | blackman the Human Delver began the quest for the Orb.
     0 | D:5      | Reached XP level 1. HP: 18/18 MP: 1/1
   186 | D:6      | Noticed an orc warrior
   228 | D:6      | Noticed a phantom
   233 | D:6      | Noticed a sky beast
   234 | D:6      | Noticed a scorpion
   241 | D:6      | Noticed a jelly
   264 | D:6      | Found a staircase to the Ecumenical Temple.
   274 | Temple   | Entered the Ecumenical Temple
   330 | Temple   | Became a worshipper of Ru the Awakened
  5279 | Temple   | Glimpsed the power of Zot.
  5305 | D:6      | Slain by a phantom

Illustrated notes

Levels and vault maps discovered:
D:5:      layout_rooms, mainiacjoe_overflow_surrounded_room, serial_shops,
          kennysheep_mini, kennysheep_nondescript
D:6:      layout_basic, mainiacjoe_overflow_alcove_1,
          minmay_temple_entry_glassed_door, kennysheep_generic_room_7
Temple:   cyrus_circular_temple

Action                   || total
-------------------------++-------
Melee: Falchion          ||     6
Evoke: Wand              ||     3
  Use: Potion            ||     3
       Scroll            ||     2
Armor: Leather armour    ||     6
Dodge: Dodged            ||     6

Table legend: (Time is in decaauts)
 A = Elapsed time spent in this place.
 B = Non-inter-level travel time spent in this place.
 C = Inter-level travel time spent in this place.
 D = Time resting spent in this place.
 E = Time spent auto-exploring this place.
 F = Levels seen in this place.
 G = Mean time per level.
                   A        B        C        D        E       F      G
               +--------+--------+--------+--------+--------+-----+--------+
         Total |   5288 |   5255 |     33 |   4943 |    163 |   3 | 1762.7 |
       Dungeon |    287 |    275 |     12 |      3 |    133 |   2 |  143.5 |
        Temple |   5001 |   4980 |     21 |   4940 |     30 |   1 | 5001.0 |
               +--------+--------+--------+--------+--------+-----+--------+

Top non-repeatable levels by time:
  Temple: 5001 daAuts
     D:6: 200 daAuts
     D:5: 87 daAuts
